 Dungeon Crawl Stone Soup version 0.21.1-1-g345015f (webtiles) character file.

6313 hannobal the Covert (level 10, -1/79 HPs)
             Began as a Gnoll Assassin on Feb 21, 2018.
             Was a Follower of Wu Jian.
             Slain by a crocodile (14 damage)
             ... on level 9 of the Dungeon on Feb 25, 2018.
             The game lasted 00:47:32 (11914 turns).

hannobal the Covert (Gnoll Assassin)               Turns: 11914, Time: 00:47:32

Health: -1/79      AC:  8    Str: 17    XL:     10   Next: 95%
Magic:  18/18      EV: 12    Int: 13    God:    Wu Jian [*.....]
Gold:   178        SH:  0    Dex: 17    Spells: 4/20 levels left

rFire    . . .     SeeInvis +   a - +1 lajatang (protect)
rCold    . . .     Gourm    .   (shield currently unavailable)
rNeg     . . .     Faith    .   n - -1 ring mail (curse)
rPois    .         Spirit   .   y - +0 hat
rElec    .         Reflect  .   d - +0 cloak
rCorr    .         Harm     .   (no gloves)
MR       .....                  H - +1 pair of boots
Stlth    ++++......             E - amulet of regeneration
HPRegen  0.63/turn              c - ring of see invisible
MPRegen  0.16/turn              x - -3 ring of evasion (curse)

@: no status effects
A: distributed training, antennae 1, fangs 2, talons 1, subdued magic 1, strong
nose
a: Renounce Religion


You were on level 9 of the Dungeon.
You worshipped Wu Jian.
Wu Jian was aware of your devotion.
You were not hungry.

You visited 3 branches of the dungeon, and saw 12 of its levels.
You also visited: Sewer.

You collected 496 gold pieces.
You spent 318 gold pieces at shops.

Inventory:

Hand Weapons
 a - a +1 lajatang of protection (weapon)
 b - a +0 shortbow
 g - a +1 blowgun
 F - the +1 glaive of the Valley of Death {flame, rPois Stlth+}
   (You found it on level 4 of the Dungeon)

   It has been specially enchanted to burn those struck by it, causing extra
   injury to most foes and up to half again as much damage against particularly
   susceptible opponents.
   Big, fiery blades are also staple armaments of hydra-hunters.
   It protects you from poison.
   It makes you more stealthy.
Missiles
 e - 38 poisoned needles
 j - 21 tomahawks (quivered)
 l - 182 arrows
 o - 78 bolts
 t - 5 throwing nets
 v - 257 stones
 I - 14 sling bullets
Armour
 d - a +0 cloak (worn)
 n - a cursed -1 ring mail (worn)
 p - a +0 plate armour
 y - a +0 hat (worn)
 H - a +1 pair of boots (worn)
 O - a +0 ring mail
 P - a +0 buckler
Magical Staves
 C - an uncursed staff of poison
Jewellery
 c - a ring of see invisible (left hand)
 h - an uncursed ring of positive energy
 x - a cursed -3 ring of evasion (right hand)
 E - an amulet of regeneration (around neck)
 T - an uncursed amulet of faith
Wands
 s - a wand of digging (12)
 J - a wand of paralysis (9)
Scrolls
 i - 2 scrolls of fog
 q - 5 scrolls of teleportation
 w - a scroll of amnesia
 K - 2 scrolls of enchant weapon
 R - a scroll of identify
Potions
 f - 4 potions of haste
 k - 2 potions of brilliance
 z - 2 potions of heal wounds
 A - 3 potions of might
 B - 6 potions of curing
 D - 3 potions of flight
 M - a potion of cancellation
Books
 u - a book of Callings

   Spells                             Type                      Level
   a - Summon Small Mammal            Summoning                    1
   b - Call Imp                       Summoning                    2
   c - Call Canine Familiar           Summoning                    3
   d - Summon Guardian Golem          Hexes/Summoning              3
   e - Summon Lightning Spire         Summoning/Air                4
   f - Summon Ice Beast               Ice/Summoning                4
 L - a book of Air

   Spells                             Type                      Level
   a - Shock                          Conjuration/Air              1
   b - Swiftness                      Charms/Air                   2
   c - Static Discharge               Conjuration/Air              3
   d - Airstrike                      Air                          4
   e - Lightning Bolt                 Conjuration/Air              5
 N - a book of Minor Magic

   Spells                             Type                      Level
   a - Magic Dart                     Conjuration                  1
   b - Blink                          Translocation                2
   c - Call Imp                       Summoning                    2
   d - Slow                           Hexes                        2
   e - Conjure Flame                  Conjuration/Fire             3
   f - Mephitic Cloud                 Conjuration/Poison/Air       3
Comestibles
 m - 20 rations


   Skills:
 + Level 7.3 Fighting
 + Level 7.3 Short Blades
 + Level 5.6 Long Blades
 + Level 5.6 Axes
 + Level 5.6 Maces & Flails
 + Level 5.6 Polearms
 + Level 5.6 Staves
 + Level 5.6 Slings
 + Level 5.6 Bows
 + Level 5.6 Crossbows
 + Level 7.3 Throwing
 + Level 5.6 Armour
 + Level 6.2 Dodging
 + Level 9.6 Stealth
 + Level 5.6 Shields
 + Level 5.6 Unarmed Combat
 + Level 5.6 Spellcasting
 + Level 4.6 Conjurations
 + Level 4.6 Hexes
 + Level 4.6 Charms
 + Level 4.6 Summonings
 + Level 4.6 Necromancy
 + Level 4.6 Translocations
 + Level 4.6 Transmutations
 + Level 4.6 Fire Magic
 + Level 4.6 Ice Magic
 + Level 4.6 Air Magic
 + Level 4.6 Earth Magic
 + Level 4.6 Poison Magic
 + Level 6.2 Invocations
 + Level 5.6 Evocations


You had 4 spell levels left.
You knew the following spells:

 Your Spells              Type           Power        Failure   Level  Hunger
b - Blink                 Tloc           N/A          5%          2    ##.....
c - Mephitic Cloud        Conj/Pois/Air  ##......     11%         3    ###....
d - Call Canine Familiar  Summ           ##......     11%         3    ###....
f - Conjure Flame         Conj/Fire      ##......     11%         3    ###....
g - Summon Guardian Gole  Hex/Summ       ##......     11%         3    ###....
s - Swiftness             Chrm/Air       ##......     5%          2    ##.....


Dungeon Overview and Level Annotations

Branches:
Dungeon (10/15)            Temple (1/1) D:4            Lair (1/6) D:9
    Orc: D:9-12

Altars:
Ashenzari
Cheibriados
Fedhas
Gozag
Hepliaklqana
Kikubaaqudgha
Makhleb
Nemelex Xobeh
Qazlal
Sif Muna
Trog
Vehumet
Wu Jian
Xom
Zin

Shops:
D:4 [

Annotations:
D:4 exclusion: downstairs


Innate Abilities, Weirdness & Mutations

Your experience applies equally to all skills.
You have extremely sharp teeth.
Your uncanny sense of smell can sniff out nearby items.
You have a pair of small antennae on your head.
You have sharp toenails.
Your spells are a little easier to cast, but a little less powerful.


Message History

The basilisk bites you. The crocodile bites you. The basilisk bites you!
The crocodile bites you. The basilisk bites you!
* * * LOW HITPOINT WARNING * * *
The crocodile bites you. The basilisk gazes at you. The crocodile bites you!
* * * LOW HITPOINT WARNING * * *
The basilisk bites you!
* * * LOW HITPOINT WARNING * * *
The crocodile bites you.
* * * LOW HITPOINT WARNING * * *
The basilisk gazes at you.
You turn to flesh and can move again.
You climb upwards.
Welcome back to the Dungeon!
There is a staircase to the Lair here.
You can't go up here!
You see here a plate armour.
You barely miss the crocodile. The crocodile bites you!
You die...

..># ####'####.....# #...# #
#### #..####.##.######.### #
## ##..#.........#...# .#
##.....≈≈.≈....### .####
#....§§§≈≈≈.###### .'>.#
####...§§§§≈§......#
.##.####
#.....≈§§l§§≈......####
.##....#
#.....≈≈t§§§≈......'..##
.#####.#
#.....≈@§§§§^......##... .#
#.###......≈§§.........####.
.# #......................#
## ##
#####.......###........#
##.###### ######'### # #.#
#.### ######## #.# #...#
.......# #.# ########.####
.##.##.## #.# #...........##


You could see a basilisk and a crocodile.

Vanquished Creatures
  3 two-headed ogres (D:9)
  A wyvern (D:7)
  4 yaks (D:9)
  A hell hound (D:9)
  3 ice beasts
  4 sky beasts
  An orc warrior (D:6)
  A black bear (D:7)
  A centaur (D:7)
  5 ogres
  4 bullfrogs
  A gnoll sergeant (D:5)
  A water moccasin zombie (D:5)
  7 scorpions
  8 wights
  3 howler monkeys (D:7)
  4 crimson imps
  3 hounds
  A centaur skeleton (D:7)
  2 jellies
  7 orc wizards
  2 orc priests
  2 bullfrog skeletons
  A gnoll shaman (D:4)
  2 iguanas
  3 worker ants
  10 adders
  6 gnolls
  A river rat (D:3)
  An ooze (D:2)
  An adder skeleton (D:7)
  10 worms
  2 dart slugs
  2 leopard geckos
  40 orcs
  8 bats
  4 giant cockroaches
  4 goblins
  10 hobgoblins
  18 jackals
  13 kobolds
  3 quokkas
  10 ball pythons
  A ball python skeleton (D:4)
  7 frilled lizards
  A jackal zombie (D:7)
  8 rats
  A plant (Sewer)
236 creatures vanquished.

Notes
Turn   | Place    | Note
-------+----------+-------------------------------------------
     0 | D:1      | hannobal the Gnoll Assassin began the quest for the Orb.
     0 | D:1      | Reached XP level 1. HP: 20/20 MP: 1/1
    26 | D:1      | HP: 1/20 [kobold/short sword (5)]
   409 | D:1      | Reached XP level 2. HP: 26/26 MP: 2/2
   453 | D:1      | Gained mutation: You have sharp toenails. [potion of mutation]
   453 | D:1      | Gained mutation: You have a pair of small antennae on your head. [potion of mutation]
   453 | D:1      | Gained mutation: Your spells are a little easier to cast, but a little less powerful. [potion of mutation]
   453 | D:1      | Gained mutation: You have extremely sharp teeth. [potion of mutation]
  1060 | D:2      | Reached XP level 3. HP: 31/31 MP: 3/3
  1339 | D:2      | Reached skill level 1 in Invocations
  1489 | D:2      | Reached skill level 1 in Long Blades
  1489 | D:2      | Reached skill level 1 in Axes
  1489 | D:2      | Reached skill level 1 in Maces & Flails
  1489 | D:2      | Reached skill level 1 in Polearms
  1489 | D:2      | Reached skill level 1 in Staves
  1489 | D:2      | Reached skill level 1 in Slings
  1489 | D:2      | Reached skill level 1 in Bows
  1489 | D:2      | Reached skill level 1 in Crossbows
  1489 | D:2      | Reached skill level 1 in Armour
  1489 | D:2      | Reached skill level 1 in Shields
  1489 | D:2      | Reached skill level 1 in Unarmed Combat
  1489 | D:2      | Reached skill level 1 in Spellcasting
  1489 | D:2      | Reached skill level 1 in Evocations
  1503 | D:2      | Reached XP level 4. HP: 28/38 MP: 5/5
  1727 | D:2      | Reached skill level 1 in Conjurations
  1727 | D:2      | Reached skill level 1 in Hexes
  1727 | D:2      | Reached skill level 1 in Charms
  1727 | D:2      | Reached skill level 1 in Summonings
  1727 | D:2      | Reached skill level 1 in Necromancy
  1727 | D:2      | Reached skill level 1 in Translocations
  1727 | D:2      | Reached skill level 1 in Transmutations
  1727 | D:2      | Reached skill level 1 in Fire Magic
  1727 | D:2      | Reached skill level 1 in Ice Magic
  1727 | D:2      | Reached skill level 1 in Air Magic
  1727 | D:2      | Reached skill level 1 in Earth Magic
  1727 | D:2      | Reached skill level 1 in Poison Magic
  1727 | D:2      | Reached XP level 5. HP: 24/43 MP: 6/6
  2520 | D:3      | Found a glowing drain.
  2681 | Sewer    | Entered a sewer
  3292 | Sewer    | Reached skill level 8 in Stealth
  3502 | D:3      | Reached XP level 6. HP: 45/50 MP: 8/8
  4138 | D:3      | Reached skill level 5 in Fighting
  4138 | D:3      | Reached skill level 5 in Short Blades
  4138 | D:3      | Reached skill level 5 in Throwing
  4496 | D:3      | Reached XP level 7. HP: 37/56 MP: 10/10
  5307 | D:4      | Got a shimmering glaive
  5308 | D:4      | Identified the +1 glaive of the Valley of Death {flame, rPois Stlth+} (You found it on level 4 of the Dungeon)
  5755 | D:4      | Found Jeckoko's Antique Armour Shoppe.
  5957 | D:4      | Found a staircase to the Ecumenical Temple.
  5963 | Temple   | Entered the Ecumenical Temple
  5987 | Temple   | Became a worshipper of the Wu Jian Council
  6061 | D:5      | Entered Level 5 of the Dungeon
  6104 | D:5      | Reached XP level 8. HP: 63/63 MP: 12/12
  7476 | D:6      | Found a deep blue altar of Sif Muna.
  7582 | D:6      | Reached * piety under Wu Jian
  7743 | D:6      | Learned a level 2 spell: Swiftness
  7747 | D:6      | Learned a level 3 spell: Call Canine Familiar
  7751 | D:6      | Learned a level 3 spell: Summon Guardian Golem
  7797 | D:6      | Found a burning altar of Makhleb.
  8157 | D:7      | Reached XP level 9. HP: 69/69 MP: 14/14
  8249 | D:4      | Bought an ancient robe for 159 gold pieces
  8260 | D:4      | Identified the cursed +1 robe "Siceklypt" {rF- Str+7 Stlth+} (You bought it in a shop on level 4 of the Dungeon)
  8793 | D:7      | Learned a level 2 spell: Blink
  8797 | D:7      | Learned a level 3 spell: Conjure Flame
  8801 | D:7      | Learned a level 3 spell: Mephitic Cloud
  8979 | D:7      | Reached skill level 5 in Dodging
  9231 | D:7      | Reached skill level 9 in Stealth
  9506 | D:4      | Bought a fine robe for 159 gold pieces
  9506 | D:4      | Identified the +0 robe "Goinot" {rN+} (You bought it in a shop on level 4 of the Dungeon)
  9718 | D:8      | Reached skill level 5 in Invocations
 10392 | D:8      | Reached XP level 10. HP: 77/77 MP: 17/17
 10546 | D:9      | Noticed a two-headed ogre
 10801 | D:9      | Killed a two-headed ogre
 10801 | D:9      | Reached skill level 5 in Long Blades
 10801 | D:9      | Reached skill level 5 in Axes
 10801 | D:9      | Reached skill level 5 in Maces & Flails
 10801 | D:9      | Reached skill level 5 in Polearms
 10801 | D:9      | Reached skill level 5 in Staves
 10801 | D:9      | Reached skill level 5 in Slings
 10801 | D:9      | Reached skill level 5 in Bows
 10801 | D:9      | Reached skill level 5 in Crossbows
 10801 | D:9      | Reached skill level 5 in Armour
 10801 | D:9      | Reached skill level 5 in Shields
 10801 | D:9      | Reached skill level 5 in Unarmed Combat
 10801 | D:9      | Reached skill level 5 in Spellcasting
 10801 | D:9      | Reached skill level 5 in Evocations
 11064 | D:9      | Found a staircase to the Lair.
 11074 | D:9      | Noticed a two-headed ogre
 11470 | D:9      | Noticed a two-headed ogre
 11486 | D:9      | Killed a two-headed ogre
 11624 | D:9      | Killed a two-headed ogre
 11842 | D:10     | Entered Level 10 of the Dungeon
 11845 | D:10     | Noticed a skeletal warrior
 11846 | D:10     | Noticed a skeletal warrior
 11860 | D:10     | Noticed a skeletal warrior
 11892 | Lair:1   | Entered Level 1 of the Lair of Beasts
 11914 | D:9      | Slain by a crocodile

Skill      XL: |  1  2  3  4  5  6  7  8  9 10 |
---------------+-------------------------------+-----
Invocations    | 1 2 3 4 5 6 |  6.2
Long Blades    | 1 2 3 4 5 |  5.6
Axes           | 1 2 3 4 5 |  5.6
Maces & Flails | 1 2 3 4 5 |  5.6
Polearms       | 1 2 3 4 5 |  5.6
Staves         | 1 2 3 4 5 |  5.6
Slings         | 1 2 3 4 5 |  5.6
Bows           | 1 2 3 4 5 |  5.6
Crossbows      | 1 2 3 4 5 |  5.6
Armour         | 1 2 3 4 5 |  5.6
Shields        | 1 2 3 4 5 |  5.6
Unarmed Combat | 1 2 3 4 5 |  5.6
Spellcasting   | 1 2 3 4 5 |  5.6
Evocations     | 1 2 3 4 5 |  5.6
Conjurations   | 1 2 3 4 |  4.6
Hexes          | 1 2 3 4 |  4.6
Charms         | 1 2 3 4 |  4.6
Summonings     | 1 2 3 4 |  4.6
Necromancy     | 1 2 3 4 |  4.6
Translocations | 1 2 3 4 |  4.6
Transmutations | 1 2 3 4 |  4.6
Fire Magic     | 1 2 3 4 |  4.6
Ice Magic      | 1 2 3 4 |  4.6
Air Magic      | 1 2 3 4 |  4.6
Earth Magic    | 1 2 3 4 |  4.6
Poison Magic   | 1 2 3 4 |  4.6
Dodging        | 3 4 5 6 |  6.2
Stealth        | 8 9 |  9.6
Fighting       | 5 6 7 |  7.3
Short Blades   | 5 6 7 |  7.3
Throwing       | 5 6 7 |  7.3

Action                   |  1- 3 |  4- 6 |  7- 9 | 10-12 || total
-------------------------+-------+-------+-------+-------++-------
Melee: Dagger            |    85 |   443 |    79 |       ||   607
       Bite              |    12 |    62 |    55 |    15 ||   144
       Kick              |     1 |       |       |       ||     1
       Punch             |       |     7 |     1 |       ||     8
       Hand axe          |       |    18 |       |       ||    18
       War axe           |       |     2 |    24 |       ||    26
       Glaive            |       |       |   281 |       ||   281
       Trident           |       |       |    21 |       ||    21
       Flail             |       |       |    13 |       ||    13
       Lajatang          |       |       |    20 |   129 ||   149
 Fire: Blowgun           |    26 |    43 |    16 |       ||    85
       Shortbow          |       |       |     1 |       ||     1
Throw: Stone             |       |     1 |       |       ||     1
       Tomahawk          |       |     2 |     3 |    10 ||    15
 Cast: Mephitic Cloud    |       |       |     1 |       ||     1
       Blink             |       |       |       |     1 ||     1
       Swiftness         |       |       |       |     1 ||     1
Invok: Whirlwind         |       |       |     5 |     4 ||     9
       Lunge             |       |       |     1 |     2 ||     3
Evoke: Wand              |       |       |       |     3 ||     3
  Use: Scroll            |     4 |     4 |    15 |     4 ||    27
       Potion            |     5 |     1 |     2 |       ||     8
 Stab: Sleeping          |     5 |     3 |     1 |     2 ||    11
       Distracted        |     1 |       |       |       ||     1
       Confused          |       |       |     3 |       ||     3
       Paralysed         |       |       |       |     8 ||     8
  Eat: Chunk             |     2 |    10 |    16 |     2 ||    30
       Ration            |       |       |     1 |     1 ||     2
Armor: Robe              |     2 |       |       |       ||     2
       Ring mail         |    19 |    17 |    35 |    44 ||   115
       Scale mail        |       |    39 |       |       ||    39
       Plate armour      |       |    78 |   306 |       ||   384
       Skin              |       |       |     7 |       ||     7
Dodge: Dodged            |    37 |   150 |   260 |    68 ||   515
